 Dungeon Sprint DCSS version 0.30-a0-1094-g860fb061e7 (webtiles) character file.

Game seed: 17234403957480154195

63694 BigDaddyOpFi the Executioner (level 13, 0/145 HPs)
             Began as a Hill Orc Berserker on Apr 6, 2023.
             Was a High Priest of Trog.
             Drowned by a quicksilver ooze (5 damage)
             ... created by the Royal Jelly
             ... while paralysed by a floating eye
             ... in the Dungeon (Sprint III: "The Ten Rune Challenge") on Apr 17, 2023.
             The game lasted 00:12:36 (6452 turns).

BigDaddyOpFi the Executioner (Hill Orc Berserker)   Turns: 6452, Time: 00:12:37

Health: 0/145      AC: 32    Str: 25    XL:     13   Next: 85%
Magic:  13/13      EV:  2    Int:  5    God:    Trog [*****.]
Gold:   186        SH:  0    Dex:  8    Spells: 12/12 levels left

rFire   . . .      SeeInvis .    h - +5 executioner's axe (heavy)
rCold   . . .      Faith    .    (shield currently unavailable)
rNeg    . . .      Spirit   .    a - +3 plate armour
rPois   .          Reflect  .    u - +1 helmet
rElec   .          Rampage  .    r - +0 cloak
rCorr   .          NoTele   +    (no gloves)
Will    .....                    c - +0 pair of boots Stlth
                                 (no amulet)
HPRegen 0.44/turn                (no ring)
MPRegen 0.13/turn                (no ring)

@: paralysed, engulfed (cannot breathe), hasted, studying Shields
A: iridescent scales 1, clumsy 1, dopey 1, shaggy fur 2
}: 2/10 runes: decaying, serpentine
a: Renounce Religion, Berserk, Trog's Hand, Brothers in Arms


You were in the Dungeon.
You worshipped Trog.
Trog was extremely pleased with you.
You visited 1 branch You collected 1873 gold pieces.
You spent 1687 gold pieces at shops.

Inventory:

Hand Weapons
 b - a +6 executioner's axe of flaming
 h - a +5 heavy executioner's axe (weapon)
 p - a +3 vampiric war axe
 s - a +4 broad axe of flaming
Missiles
 n - 4 javelins (quivered)
Armour
 a - a +3 plate armour (worn)
 c - a +0 pair of boots (worn)
 k - a +4 chain mail of fire resistance
 r - a +0 cloak (worn)
 u - a +1 helmet (worn)
Scrolls
 i - a scroll of fog
 j - 2 scrolls of immolation
Potions
 d - a potion of heal wounds
 e - 2 potions of haste
 f - 3 potions of magic
 g - a potion of berserk rage
 l - 4 potions of lignification
 m - a potion of mutation
 q - a potion of flight {unknown}
 t - 2 potions of attraction
Miscellaneous
 o - a condenser vane


   Skills:
 + Level 21.9 Fighting
 + Level 23.7 Axes
 + Level 20.2 Armour
 + Level 15.9 Dodging


You had 12 spell levels left.
You didn't know any spells.
Your spell library was empty.

Dungeon Overview and Level Annotations

Branches:
Dungeon (1/1)

Altars:
Cheibriados
Dithmenos
Elyvilon
Fedhas
Gozag
Hepliaklqana
Kikubaaqudgha
Makhleb
Nemelex Xobeh
Okawaru
Qazlal
Ru
Sif Muna
Trog
Uskayaw
Vehumet
Wu Jian
Xom
Yredelemnul
Zin
The Shining One
Beogh
Jiyva
Lugonu

Shops:
D =?[![:?

Annotations:
D Royal Jelly


Innate Abilities, Weirdness & Mutations

You are partially covered in iridescent scales. (AC +2)
You are clumsy. (Dex -2)
You are dopey. (Int -2)
You are covered in thick fur. (AC +2)


Message History

The azure jelly hits you but does no damage. x3
The azure jelly barely misses you.
You slash the azure jelly!
The azure jelly is almost dead.
The azure jelly hits you but does no damage.
The azure jelly misses you. The azure jelly hits you.
The azure jelly hits you but does no damage.
You hit the azure jelly but do no damage.
The azure jelly is almost dead.
You chop the Royal Jelly into pieces!!!
Your hands burn!
The Royal Jelly shudders violently.
The Royal Jelly spits out four more jellies.
Your cyclops hits the azure jelly!!!
The azure jelly dies!
Trog accepts your kill.
The floating eye gazes piercingly through you!
You suddenly lose the ability to move!
The Royal Jelly hits you!
You are splashed with acid!
* * * LOW HITPOINT WARNING * * *
The Royal Jelly hits you but does no damage.
The Royal Jelly hits you but does no damage.
The Royal Jelly hits you!
* * * LOW HITPOINT WARNING * * *
You are splashed with acid.
* * * LOW HITPOINT WARNING * * *
Your cyclops hits the floating eye!!!
The floating eye dies!
Trog accepts your kill.
The rockslime hits you but does no damage.
The quicksilver ooze hits you.
* * * LOW HITPOINT WARNING * * *
The quicksilver ooze engulfs you! The quicksilver ooze barely misses you.
Your cyclops hits the floating eye!!
The floating eye dies!
Trog accepts your kill. The rockslime hits you!
* * * LOW HITPOINT WARNING * * *
You hold your ground!
The quicksilver ooze hits you.
The quicksilver ooze hits you but does no damage.
You die...

▓...'~~...########♣♣
▓...#~~~..........P♣
▓...#~~~~...PP....P♣
#)#############'####
##.###### #.♣♣
##.#...### #♣.♣
##..C....## ♣.♣♣ #
##.J.......# ♣♣.♣ #
#.JJ@###....# ♣.♣♣ #
#.JJ##?##...# ♣.♣♣ #
##..#:φ)#..## ♣..♣♣#
#...##}##...# ♣♣.♣♣.
#....###....# ♣♣~♣♣
##.........## ♣♣).♣♣
##.......## ♣..~..
###._.### ♣....~
♣.♣..~


You could see the Royal Jelly, an azure jelly, a rockslime, 2 quicksilver oozes
and a friendly cyclops (summoned, berserk).

Vanquished Creatures
  Xtahua (D)
  Rupert (D)
  An acid blob (D)
  Gastronok (D)
  4 azure jellies (D)
  A dire elephant (D)
  3 fire dragons (D)
  2 hydras (D)
  2 anacondas (D)
  A centaur warrior (D)
  4 death yaks (D)
  Urug (D)
  A spriggan druid (D)
  A lindwurm (D)
  A shining eye (D)
  A deep elf pyromancer (D)
  A guardian serpent (D)
  2 elephants (D)
  6 black mambas (D)
  2 tyrant leeches (D)
  8 blink frogs (D)
  3 wandering mushrooms (D)
  2 spriggans (D)
  A shadow (D)
  3 redbacks (D)
  A spatial vortex (D)
  A water moccasin (D)
  2 floating eyes (D)
  2 hell hounds (D)
  An orc warrior (D)
  2 centaurs (D)
  An earth elemental (D)
  A necrophage (D)
  A water elemental (D)
  A killer bee (D)
  An electric eel (D)
  A jelly (D)
  An orc priest (D)
  Jessica (D)
  A wizard (D)
  A necromancer (D)
  An orc wizard (D)
  3 humans (D)
  A kobold demonologist (D)
  A wolf (D)
  6 adders (D)
  3 orcs (D)
  2 endoplasms (D)
  A rat (D)
91 creatures vanquished.

Vanquished Creatures (collateral kills)
  An azure jelly (D)
  A nagaraja (D)
  A dire elephant (D)
  Josephine (D)
  A hydra (D)
  A naga warrior (D)
  A death drake (D)
  2 orc knights (D)
  An orc sorcerer (D)
  A shining eye (D)
  A black mamba (D)
  2 cane toads (D)
  A komodo dragon (D)
  A rime drake (D)
  2 nagas (D)
  A water moccasin (D)
  2 floating eyes (D)
  A swamp drake (D)
  3 orc wizards (D)
  6 orcs (D)
31 creatures vanquished.

Vanquished Creatures (others)
  10 plants (D)
10 creatures vanquished.

Grand Total: 132 creatures vanquished

Notes
Turn   | Place    | Note
-------+----------+-------------------------------------------
     0 | D        | BigDaddyOpFi the Hill Orc Berserker began the quest for the
                  | Orb.
     0 | D        | Reached XP level 1. HP: 19/19 MP: 1/1
    25 | D        | Noticed Jessica
    29 | D        | Killed Jessica
    29 | D        | Reached ** piety under Trog
    30 | D        | Reached skill level 5 in Fighting
    30 | D        | Reached skill level 5 in Axes
    30 | D        | Reached XP level 2. HP: 29/29 MP: 2/2
    30 | D        | Reached XP level 3. HP: 36/36 MP: 3/3
   280 | D        | Reached skill level 6 in Axes
   280 | D        | Reached XP level 4. HP: 41/44 MP: 4/4
   301 | D        | Gained mutation: You have hidden genetic potential. [potion
                  | of mutation]
   301 | D        | Gained mutation: You are vulnerable to heat. (rF-) [potion
                  | of mutation]
   302 | D        | Lost mutation: You have hidden genetic potential. [potion
                  | of mutation]
   302 | D        | Lost mutation: You are vulnerable to heat. (rF-) [potion of
                  | mutation]
   302 | D        | Gained mutation: You occasionally shout uncontrollably at
                  | your foes. [potion of mutation]
   302 | D        | Lost mutation: You occasionally shout uncontrollably at
                  | your foes. [potion of mutation]
   302 | D        | Gained mutation: You have a pair of small horns on your
                  | head. [potion of mutation]
   336 | D        | Noticed a water elemental
   340 | D        | Killed a water elemental
   340 | D        | Reached *** piety under Trog
   341 | D        | Reached skill level 7 in Axes
   341 | D        | Reached skill level 5 in Armour
   341 | D        | Reached XP level 5. HP: 51/51 MP: 5/5
   361 | D        | Found a radiant altar of Vehumet.
   361 | D        | Found a shimmering blue altar of Sif Muna.
   361 | D        | Found an ancient bone altar of Kikubaaqudgha.
   372 | D        | Noticed a red devil
   376 | D        | Reached skill level 8 in Axes
   478 | D        | Found a glowing silver altar of Zin.
   478 | D        | Found a glowing golden altar of the Shining One.
   478 | D        | Found a white marble altar of Elyvilon.
   478 | D        | Noticed a deep elf pyromancer
   483 | D        | Killed a deep elf pyromancer
   483 | D        | Reached **** piety under Trog
   484 | D        | Reached skill level 10 in Axes
   484 | D        | Reached XP level 6. HP: 66/66 MP: 6/6
   484 | D        | Reached XP level 7. HP: 71/71 MP: 7/7
   578 | D        | Found a hide-covered altar of Uskayaw.
   578 | D        | Found a roughly hewn altar of Beogh.
   578 | D        | Found an iron altar of Okawaru.
   578 | D        | Found a bloodstained altar of Trog.
   578 | D        | Found an ornate altar of the Wu Jian Council.
   578 | D        | Noticed a human
   579 | D        | Noticed a human
   588 | D        | Killed a human
   589 | D        | Reached skill level 10 in Fighting
   589 | D        | Reached skill level 11 in Axes
   592 | D        | Killed a human
   704 | D        | Found a basalt altar of Yredelemnul.
   704 | D        | Found a shadowy altar of Dithmenos.
   704 | D        | Found a sacrificial altar of Ru.
   716 | D        | Reached ***** piety under Trog
   717 | D        | Reached XP level 8. HP: 81/81 MP: 8/8
   862 | D        | Noticed a shadow
   868 | D        | Killed a shadow
   869 | D        | Reached skill level 12 in Axes
   869 | D        | Reached skill level 10 in Armour
   955 | D        | Found a blossoming altar of Fedhas.
   955 | D        | Found a stormy altar of Qazlal.
   955 | D        | Found a snail-covered altar of Cheibriados.
   955 | D        | Found a burning altar of Makhleb.
   955 | D        | Found a shimmering altar of Xom.
   956 | D        | Found a hazy altar of Hepliaklqana.
   956 | D        | Found an opulent altar of Gozag.
   956 | D        | Found a sparkling altar of Nemelex Xobeh.
   956 | D        | Found a corrupted altar of Lugonu.
   956 | D        | Found a viscous altar of Jiyva.
  1089 | D        | Noticed an orc sorcerer
  1091 | D        | Received a gift from Trog
  1103 | D        | Noticed an orc knight
  1103 | D        | Gained mutation: You sometimes lose your temper in combat.
                  | [a neqoxec]
  1106 | D        | Killed an orc sorcerer
  1107 | D        | Reached skill level 13 in Axes
  1107 | D        | Reached XP level 9. HP: 38/91 MP: 9/9
  1109 | D        | Killed an orc knight
  1109 | D        | Received a gift from Trog
  1110 | D        | Reached skill level 14 in Axes
  1113 | D        | Noticed Josephine
  1118 | D        | Killed Josephine
  1120 | D        | Reached ****** piety under Trog
  1127 | D        | Noticed an orc knight
  1128 | D        | Found Dan Diu's Magic Scroll Emporium.
  1131 | D        | Killed an orc knight
  1131 | D        | Received a gift from Trog
  1132 | D        | Reached skill level 15 in Axes
  1132 | D        | Reached XP level 10. HP: 34/103 MP: 10/10
  1326 | D        | Bought a scroll of enchant armour for 82 gold pieces
  1371 | D        | Noticed a centaur warrior
  1379 | D        | Reached skill level 10 in Dodging
  1382 | D        | Killed a centaur warrior
  1626 | D        | Reached skill level 16 in Axes
  1638 | D        | Noticed a cane toad
  1638 | D        | Noticed a cane toad
  1641 | D        | Killed a cane toad
  1642 | D        | Reached skill level 15 in Fighting
  1642 | D        | Killed a cane toad
  2045 | D        | Reached skill level 17 in Axes
  2185 | D        | Reached XP level 11. HP: 114/114 MP: 11/11
  2236 | D        | Lost mutation: You sometimes lose your temper in combat.
                  | [potion of mutation]
  2236 | D        | Lost mutation: You have a pair of small horns on your head.
                  | [potion of mutation]
  2236 | D        | Gained mutation: You are covered in fur. (AC +1) [potion of
                  | mutation]
  2236 | D        | Gained mutation: You are clumsy. (Dex -2) [potion of
                  | mutation]
  2236 | D        | Gained mutation: You are covered in thick fur. (AC +2)
                  | [potion of mutation]
  2236 | D        | Gained mutation: You are partially covered in iridescent
                  | scales. (AC +2) [potion of mutation]
  2243 | D        | Noticed a lindwurm
  2252 | D        | Killed a lindwurm
  2269 | D        | Received a gift from Trog
  2609 | D        | Noticed Urug
  2617 | D        | Killed Urug
  2891 | D        | Noticed a six-headed hydra
  2891 | D        | Noticed an eight-headed hydra
  2909 | D        | Killed a six-headed hydra
  2910 | D        | Reached skill level 15 in Armour
  2911 | D        | Killed a seven-headed hydra
  2912 | D        | Reached skill level 18 in Axes
  2921 | D        | Noticed a death drake
  2925 | D        | Killed a death drake
  3529 | D        | Noticed an anaconda
  3539 | D        | Killed an anaconda
  3698 | D        | Received a gift from Trog
  3871 | D        | Noticed an anaconda
  3874 | D        | Killed an anaconda
  3875 | D        | Reached skill level 19 in Axes
  4050 | D        | Noticed a naga warrior
  4051 | D        | Noticed a nagaraja
  4055 | D        | Found Ufant's Distillery.
  4055 | D        | Found Rifititz's Antique Armour Shoppe.
  4055 | D        | Killed a nagaraja
  4056 | D        | Reached XP level 12. HP: 127/127 MP: 12/12
  4059 | D        | Killed a naga warrior
  4062 | D        | Found Mowe's Book Boutique.
  4161 | D        | Bought a potion of heal wounds for 60 gold pieces
  4161 | D        | Bought a potion of heal wounds for 60 gold pieces
  4161 | D        | Bought a potion of heal wounds for 60 gold pieces
  4161 | D        | Bought a potion of curing for 36 gold pieces
  4162 | D        | Bought a cloak for 99 gold pieces
  4178 | D        | Received a gift from Trog
  4192 | D        | Got a serpentine rune of Zot
  4248 | D        | Found a blossoming altar of Fedhas.
  4259 | D        | Reached skill level 20 in Axes
  4324 | D        | Received a gift from Trog
  4350 | D        | Noticed a dire elephant
  4350 | D        | Noticed a dire elephant
  4350 | D        | Noticed Gastronok
  4361 | D        | Killed a dire elephant
  4367 | D        | Killed a dire elephant
  4372 | D        | Killed Gastronok
  4373 | D        | Reached skill level 21 in Axes
  4645 | D        | Noticed an azure jelly
  4645 | D        | Noticed an azure jelly
  4645 | D        | Noticed an azure jelly
  4646 | D        | Noticed an azure jelly
  4649 | D        | Noticed Rupert
  4662 | D        | Killed Rupert
  4794 | D        | Noticed a death yak
  4795 | D        | Noticed a death yak
  4795 | D        | Noticed a death yak
  4799 | D        | Noticed a death yak
  4800 | D        | Received a gift from Trog
  4801 | D        | Killed a death yak
  4807 | D        | Killed a death yak
  4811 | D        | Killed a death yak
  4812 | D        | Reached XP level 13. HP: 139/139 MP: 13/13
  5025 | D        | Found Dodyufy's Jewellery Shoppe.
  5025 | D        | Found Uryidech's Magic Scroll Boutique.
  5025 | D        | Noticed a fire dragon
  5025 | D        | Noticed a fire dragon
  5025 | D        | Noticed a fire dragon
  5026 | D        | Received a gift from Trog
  5027 | D        | Reached skill level 22 in Axes
  5035 | D        | Killed a fire dragon
  5039 | D        | Killed a fire dragon
  5047 | D        | Killed a fire dragon
  5336 | D        | Found Qiolywiu's Antique Armour Emporium.
  5505 | D        | Noticed Xtahua
  5509 | D        | Reached skill level 15 in Dodging
  5518 | D        | Killed Xtahua
  5696 | D        | Got a decaying rune of Zot
  5700 | D        | Upgraded the game from 0.30-a0-1016-gfb0d676c02 to
                  | 0.30-a0-1094-g860fb061e7
  5720 | D        | Bought a pair of boots for 112 gold pieces
  5720 | D        | Bought a shiny chain mail for 187 gold pieces
  5725 | D        | Bought a glowing helmet for 187 gold pieces
  5734 | D        | Bought a scroll of enchant armour for 90 gold pieces
  5734 | D        | Bought a scroll of enchant armour for 90 gold pieces
  5738 | D        | Bought a scroll of acquirement for 624 gold pieces
  5738 | D        | Acquired a manual of Shields
  6101 | D        | Killed an azure jelly
  6101 | D        | Received a gift from Trog
  6103 | D        | Killed an azure jelly
  6104 | D        | Reached skill level 23 in Axes
  6106 | D        | Killed an azure jelly
  6112 | D        | Killed an azure jelly
  6416 | D        | Found the +27 heavy crossbow "Sniper" {heavy, Acc+∞ SInv}
  6418 | D        | Noticed an acid blob
  6426 | D        | Killed an acid blob
  6429 | D        | Received a gift from Trog
  6433 | D        | Noticed an azure jelly
  6437 | D        | Paralysed by a floating eye for 2 turns
  6439 | D        | Gained mutation: You are dopey. (Int -2) [a shining eye]
  6443 | D        | Found a viscous altar of Jiyva.
  6443 | D        | Noticed the Royal Jelly
  6443 | D        | Paralysed by a floating eye for 3 turns
  6449 | D        | Noticed a rockslime
  6449 | D        | Noticed a quicksilver ooze
  6449 | D        | Noticed a quicksilver ooze
  6449 | D        | Noticed an azure jelly
  6449 | D        | Killed an azure jelly
  6449 | D        | Paralysed by a floating eye for 3 turns
  6451 | D        | HP: 5/145 [rockslime[the Royal Jelly] (16)]
  6452 | D        | Drowned by a quicksilver ooze

Illustrated notes

Levels and vault maps discovered:
D:        dungeon_sprint_mu [sprint_mu_entry_cave, sprint_mu_temple_rooms,
          sprint_mu_d1_horrors, sprint_mu_d2_genie, sprint_mu_d3_branching,
          sprint_mu_orc_legion, sprint_mu_elf_gauntlet, sprint_mu_hive_nellie,
          sprint_mu_lair_fedhas, sprint_mu_vaults_butterflies,
          sprint_mu_slime_circle, sprint_mu_swamp_cave, sprint_mu_snake_twists,
          sprint_mu_blade_basic, sprint_mu_crypt_fortress,
          sprint_mu_tomb_spiral, sprint_mu_vestibule_basic,
          sprint_mu_gehenna_hellfire, sprint_mu_dis_giant,
          sprint_mu_tartarus_statrot, sprint_mu_cocytus_islands, sprint_mu_zot1]

Skill      XL: |  1  2  3  4  5  6  7  8  9 10 11 12 13 |
---------------+----------------------------------------+-----
Fighting       | 5 6 9 10 12 14 15 18 20 21 | 21.9
Dodging        | 2 3 4 6 7 8 9 11 12 14 15 | 15.9
Axes           | 5 6 7 10 11 13 15 17 19 21 23 | 23.7
Armour         | 3 4 5 8 9 11 12 14 16 18 20 | 20.2

Action                     |  1- 3 |  4- 6 |  7- 9 | 10-12 | 13-15 || total
---------------------------+-------+-------+-------+-------+-------++-------
  Melee: Hand axe          |    13 |    16 |    46 |       |       ||    75
         Headbutt          |       |     5 |     6 |    12 |       ||    23
         Punch             |       |     1 |     1 |     1 |       ||     3
         War axe           |       |       |       |    63 |       ||    63
         Executioner's axe |       |       |       |   116 |    79 ||   195
 Invoke: Berserk           |     2 |     3 |     4 |     6 |     3 ||    18
         Brothers in Arms  |       |       |     2 |     7 |     2 ||    11
         Trog's Hand       |       |       |       |       |     1 ||     1
    Use: Potion            |       |     2 |       |     3 |     5 ||    10
         Scroll            |       |       |       |     3 |     6 ||     9
 Armour: Animal skin       |       |       |     1 |       |       ||     1
         Plate armour      |       |       |       |   124 |    93 ||   217
  Dodge: Dodged            |     9 |    10 |    15 |    84 |    50 ||   168

Table legend: (Time is in decaauts)
 A = Elapsed time spent in this place.
 B = Non-inter-level travel time spent in this place.
 C = Inter-level travel time spent in this place.
 D = Time resting spent in this place.
 E = Time spent auto-exploring this place.
 F = Levels seen in this place.
 G = Mean time per level.
                   A        B        C        D        E       F      G
               +--------+--------+--------+--------+--------+-----+--------+
         Total |   6641 |   6641 |      0 |   5348 |      0 |   1 | 6641.0 |
       Dungeon |   6641 |   6641 |      0 |   5348 |      0 |   1 | 6641.0 |
               +--------+--------+--------+--------+--------+-----+--------+

Top non-repeatable levels by time:
       D: 6641 daAuts
